 Dungeon Crawl Stone Soup version 0.31-a0-1009-g454b1f1e0a (webtiles) character file.

Game seed: 4425530989323327517

64 svtm the Chopper (level 3, -1/31 HPs)
             Began as a Minotaur Gladiator on Nov 16, 2023.
             Slain by Crazy Yiuf
             ... wielding a +2 quarterstaff of chaos
              (4 damage)
             ... while petrified by Crazy Yiuf
             ... on level 2 of the Dungeon.
             The game lasted 00:03:15 (1455 turns).

svtm the Chopper (Minotaur Gladiator)               Turns: 1455, Time: 00:03:16

Health: -1/31      AC:  7    Str: 26    XL:     3   Next: 91%
Magic:  1/2        EV:  2    Int:  5    God:
Gold:   103        SH:  0    Dex: 11    Spells: 2/2 levels left

rFire   . . .        a - +0 war axe
rCold   . . .        (no shield)
rNeg    + + +        f - +0 scale mail
rPois   ∞            c - +0 hat
rElec   .            t - +0 cloak
rCorr   .            (no gloves)
SInv    .            (no boots)
Will    .....        (no amulet) Stlth
                     k - +6 ring of strength
HPRegen 0.25/turn    (no ring)
MPRegen 0.08/turn

%: no passive effects
@: petrified
A: horns 2, retaliatory headbutt
a: no special abilities


You were on level 2 of the Dungeon.
You visited 1 branch of the dungeon, and saw 2 of its levels.

You collected 103 gold pieces.

Inventory:

Hand Weapons
 a - a +0 war axe (weapon)
Missiles
 d - 3 throwing nets (quivered)
 e - a javelin
Armour
 b - a +0 leather armour
 c - a +0 hat (worn)
 f - a +0 scale mail (worn)
 t - a +0 cloak (worn)
Jewellery
 k - a +6 ring of strength (left hand)
Scrolls
 h - a scroll of noise {unknown}
 j - a scroll of immolation {unknown}
 l - a scroll of summoning
 m - 2 scrolls of teleportation {unknown}
 n - a scroll of vulnerability {unknown}
 o - a scroll of enchant armour {unknown}
 p - a scroll of amnesia {unknown}
Potions
 g - 2 potions of degeneration
 i - 2 potions of curing
 q - a potion of brilliance {unknown}
 r - a potion of attraction {unknown}
 s - a potion of mutation {unknown}


   Skills:
 + Level 3.2 Fighting
 + Level 4.2 Axes
 + Level 2.8 Throwing
 + Level 3.9 Dodging


You had 2 spell levels left.
You didn't know any spells.
Your spell library contained the following spells:

 Spells                   Type           Power      Damage    Failure   Level
 Slow                     Hex            0%         N/A       78%         1
 Confusing Touch          Hex            0%         N/A       98%         3
 Sigil of Binding         Hex            0%         N/A       98%         3
 Vampiric Draining        Necr           0%         2d6       98%         3


Dungeon Overview and Level Annotations

Branches:
Dungeon (2/15)

Altars:

Shops:
D:2 *

Annotations:
D:2 Crazy Yiuf


Innate Abilities, Weirdness & Mutations

You have a pair of horns on your head.
You reflexively headbutt those who attack you in melee.


Message History

A bat comes into view.
The bat moves out of view.
The bat hits you but does no damage.
You slash the bat!
You kill the bat!
A rat comes into view.
You see here a bat corpse.
A rat is nearby!
You slash the rat!
You kill the rat!
No target in view!
You see here a rat corpse.
You see here a +0 short sword.
There is an entrance to Afouczid's Assorted Antiques here.
Crazy Yiuf shouts!
You open the door. You barely miss Crazy Yiuf.
Crazy Yiuf hits you with a +2 quarterstaff of chaos.
You are slowing down.
You barely miss Crazy Yiuf.
Crazy Yiuf hits you with a +2 quarterstaff of chaos.
You feel your power leaking away.
Crazy Yiuf laughs, "Citrus!"
Crazy Yiuf barely misses you. You furiously retaliate!
You headbutt Crazy Yiuf, but do no damage.
You have turned to stone.
Crazy Yiuf hits you with a +2 quarterstaff of chaos!
Crazy Yiuf burns you.
Crazy Yiuf yells, "Line chair mumblescurry!"
Crazy Yiuf hits you with a +2 quarterstaff of chaos!
* * * LOW HITPOINT WARNING * * *
Crazy Yiuf freezes you.
* * * LOW HITPOINT WARNING * * *
Crazy Yiuf hits you with a +2 quarterstaff of chaos!
* * * LOW HITPOINT WARNING * * *
Crazy Yiuf hits you with a +2 quarterstaff of chaos.
* * * LOW HITPOINT WARNING * * *
Crazy Yiuf burns you.
Crazy Yiuf hits you with a +2 quarterstaff of chaos!
You die...

#### #####
#########..# #..)#
...........# #...#
.########..# ... .#
##.# #g# .# #.#
♣♣@♣ .##### #.#
♣.♣♣ .....#####.#
♣♣.♣ .###.......#
♣.♣♣ .# #########
♣♣.♣♣ .# ♣...♣♣ .#
♣)..)♣ .# #########
#....#
.###.......###+..+#


You could see Crazy Yiuf.

Vanquished Creatures
  An adder (D:2)
  3 worms (D:2)
  A dart slug (D:1)
  4 orcs (D:2)
  5 ball pythons (D:1)
  4 bats
  4 endoplasms
  2 giant cockroaches
  3 hobgoblins
  4 jackals
  6 kobolds (D:1)
  2 rats
39 creatures vanquished.

Notes
Turn   | Place    | Note
-------+----------+-------------------------------------------
     0 | D:1      | svtm the Minotaur Gladiator began the quest for the Orb.
     0 | D:1      | Reached XP level 1. HP: 18/18 MP: 0/0
    64 | D:1      | Found a faded altar of an unknown god.
   116 | D:1      | Reached XP level 2. HP: 24/25 MP: 1/1
   294 | D:1      | Reached skill level 4 in Axes
   709 | D:2      | Reached XP level 3. HP: 31/31 MP: 2/2
   825 | D:2      | Found Afouczid's Assorted Antiques.
   973 | D:2      | Found a runed translucent door.
   974 | D:2      | Noticed Crazy Yiuf
  1455 | D:2      | Slain by Crazy Yiuf

Illustrated notes

Levels and vault maps discovered:
D:1:      lightli_arrival_quake, layout_basic,
          ebering_ecumenical_altar_petrified, hangedman_decor_points,
          minmay_misc_feat_pillars, nicolae_titane
D:2:      layout_loops_ring, serial_shops, nicolae_shop_overgrown_old_shop,
          minmay_misc_feat_four_crosses, uniq_crazy_yiuf_cottage

Skill      XL: |  1  2 |
---------------+-------+-----
Axes           | 4 |  4.2
Fighting       | 3 |  3.2
Throwing       | |  2.8
Dodging        | |  3.9

Action                     || total
---------------------------++-------
  Melee: War axe           ||    72
         Headbutt          ||    10
         Punch             ||     1
    Use: Scroll            ||     3
 Armour: Scale mail        ||    47
  Dodge: Dodged            ||    38

Table legend: (Time is in decaauts)
 A = Elapsed time spent in this place.
 B = Non-inter-level travel time spent in this place.
 C = Inter-level travel time spent in this place.
 D = Time resting spent in this place.
 E = Time spent auto-exploring this place.
 F = Levels seen in this place.
 G = Mean time per level.
                   A        B        C        D        E       F      G
               +--------+--------+--------+--------+--------+-----+--------+
         Total |   1476 |   1469 |      7 |      0 |   1199 |   2 |  738.0 |
       Dungeon |   1476 |   1469 |      7 |      0 |   1199 |   2 |  738.0 |
               +--------+--------+--------+--------+--------+-----+--------+

Top non-repeatable levels by time:
     D:2: 799 daAuts
     D:1: 677 daAuts
